 Dungeon Crawl Stone Soup version 0.31-a0-152-g6aa68a64a1 (webtiles) character file.

Game seed: 7575436895027049236

35 Zonian the Ruffian (level 3, 0/18 HPs)
             Began as a Vine Stalker Gladiator on June 11, 2023.
             Succumbed to a goblin's poison
             ... on level 1 of the Dungeon.
             The game lasted 00:02:17 (871 turns).

Zonian the Ruffian (Vine Stalker Gladiator)          Turns: 871, Time: 00:02:18

Health: 0/18       AC:  5    Str: 18    XL:     3   Next: 35%
Magic:  2/4        EV: 13    Int:  8    God:
Gold:   114        SH:  0    Dex: 21    Spells: 2/2 levels left

rFire   . .          .
                       - Unarmed
rCold   . . .        (no shield)
rNeg    . . .        a - +0 leather armour
rPois   .            b - +0 helmet
rElec   .            (no cloak)
rCorr   .            k - +0 pair of gloves
SInv    .            (no boots)
Will    .....        (no amulet)
Stlth   ++           e - +6 ring of dexterity
HPRegen 0.23/turn    (no ring)
MPRegen 0.09/turn

%: guardian spirit
@: lethally poisoned (0 -> -5)
A: fangs 2, magic shield, antimagic bite, no potion heal 2
a: no special abilities


You were on level 1 of the Dungeon.
You visited 1 branch of the dungeon, and saw 2 of its levels.

You collected 114 gold pieces.

Inventory:

Missiles
 c - 2 throwing nets (quivered)
 d - 6 javelins
 h - 4 poisoned darts
Armour
 a - a +0 leather armour (worn)
 b - a +0 helmet (worn)
 k - a +0 pair of gloves (worn)
Jewellery
 e - a +6 ring of dexterity (left hand)
Scrolls
 g - a scroll of blinking {unknown}
 i - 2 scrolls of identify {unknown}
 j - 4 scrolls of teleportation {unknown}


   Skills:
 + Level 2.2 Fighting
 - Level 1.8 Throwing
 + Level 2.7 Dodging
 + Level 1.5 Stealth
 + Level 3.3 Unarmed Combat


You had 2 spell levels left.
You didn't know any spells.
Your spell library was empty.

Dungeon Overview and Level Annotations

Branches:
Dungeon (2/15)

Altars:

Annotations:
D:2 Natasha


Innate Abilities, Weirdness & Mutations

You have extremely sharp teeth.
When hurt, damage is shared between your health and your magic reserves.
Your bite disrupts and absorbs the magic of your enemies.
Potions cannot restore your health.


Message History

A goblin comes into view. It is wielding a +1 dagger of venom.
Found a stone staircase leading down.
A goblin is nearby!
A goblin is nearby!
The goblin shouts!
There is a stone staircase leading down here.
You hit the goblin. You bite the goblin. You drain its power.
The goblin is heavily wounded.
The goblin hits you with a +1 dagger of venom.
You are poisoned.
You closely miss the goblin.
The goblin is heavily wounded.
You feel very sick. The goblin hits you but does no damage.
You are lethally poisoned!
Unknown command.
It was a potion of curing.
Your system rejects the healing.
You feel better.
The goblin hits you with a +1 dagger of venom.
You are lethally poisoned!
You barely miss the goblin.
The goblin is heavily wounded.
You feel very sick.
The goblin hits you with a +1 dagger of venom.
You are more poisoned.
You closely miss the goblin.
The goblin is heavily wounded.
* * * LOW HITPOINT WARNING * * *
You feel very sick. The goblin hits you but does no damage.
You are more poisoned.
Your system rejects the healing.
You feel better.
The goblin hits you with a +1 dagger of venom.
* * * LOW HITPOINT WARNING * * *
You are lethally poisoned!
Throw: 3 throwing nets
Press: ? - help, Shift-Dir - straight line, f - goblin
Aim: a goblin, wielding a +1 dagger of venom (heavily wounded, 56% to hit)
You throw a throwing net.
The throwing net closely misses the goblin.
You die...

#. #.# #.
#.# #. #.#
#. #.# #.
#.# #. ##.##
#.
#####...##.#
##
#.....@g..(#
#.###...####
#.# ##.##
### #.# #.#
####.. #.#
#.#
#####.....
#.# #[#
#.........
#.# #.#
#.###.##..
#.# #.# #.#
#.# #.##..
#.#
#.####.##
#.###.##.#


You could see a goblin.

Vanquished Creatures
  A worm (D:2)
  3 ball pythons
  2 bats (D:2)
  3 endoplasms (D:1)
  A giant cockroach (D:1)
  6 goblins
  2 hobgoblins
  3 quokkas
  A frilled lizard (D:1)
  4 kobolds
  2 rats (D:1)
28 creatures vanquished.

Notes
Turn   | Place    | Note
-------+----------+-------------------------------------------
     0 | D:1      | Zonian the Vine Stalker Gladiator began the quest for the
                  | Orb.
     0 | D:1      | Reached XP level 1. HP: 11/11 MP: 2/2
    55 | D:1      | You fall into a shaft and drop 1 floor!
    82 | D:2      | Noticed Natasha
   110 | D:2      | Found a faded altar of an unknown god.
   250 | D:2      | Reached XP level 2. HP: 15/15 MP: 3/3
   476 | D:1      | Reached skill level 1 in Stealth
   525 | D:1      | Reached XP level 3. HP: 18/18 MP: 2/4
   871 | D:1      | Succumbed to a goblin's poison

Illustrated notes

Levels and vault maps discovered:
D:1:      eino_arrival_cavern_b, layout_loops_ring
D:2:      minmay_inner_zag, layout_loops_ring,
          hellmonk_ecumenical_altar_run_dry, uniq_natasha,
          uniq_crazy_yiuf_cottage, uniq_terence

Skill      XL: |  1  2 |
---------------+-------+-----
Fighting       | 2 |  2.2
Stealth        | 1 |  1.5
Throwing       | |  1.8
Dodging        | |  2.7
Unarmed Combat | |  3.3

Action                     || total
---------------------------++-------
  Melee: Unarmed           ||    76
         Bite              ||    18
         Punch             ||     2
  Throw: Throwing net      ||     1
    Use: Potion            ||     2
   Stab: Sleeping          ||     5
 Armour: Leather armour    ||    13
  Dodge: Dodged            ||    39

Table legend: (Time is in decaauts)
 A = Elapsed time spent in this place.
 B = Non-inter-level travel time spent in this place.
 C = Inter-level travel time spent in this place.
 D = Time resting spent in this place.
 E = Time spent auto-exploring this place.
 F = Levels seen in this place.
 G = Mean time per level.
                   A        B        C        D        E       F      G
               +--------+--------+--------+--------+--------+-----+--------+
         Total |    866 |    820 |     46 |      0 |    558 |   2 |  433.0 |
       Dungeon |    866 |    820 |     46 |      0 |    558 |   2 |  433.0 |
               +--------+--------+--------+--------+--------+-----+--------+

Top non-repeatable levels by time:
     D:1: 454 daAuts
     D:2: 411 daAuts
